AoeStats
← ThunderboltX

Arabian Desert

509735007Analyzed
1v1 RM · 5d ago on Sep 27, 2026· 38m 6s· 2 players
Game mode
Random Map
Map size
Tiny (2 player)
Population
200
Speed
Normal
Resources
Standard
Victory
Conquest
Starting age
Dark Age
Ending age
Imperial Age
RankedLock teamsTeams togetherTeam positionsShared explorationLock speedFull tech treeHidden civsTurbo modeCheats
Victory
Defeat
🇲🇽 Gurjaras · Mexico
2742
+4
🇧🇬 Khmer · Bulgaria
2413
-4
ThunderboltX
5:14 Loom
8:18 Feudal Age
8:56 Double-Bit Axe
12:32 Fletching
12:42 Padded Archer Armor
19:27 Castle Age
17:52 Padded Archer Armor
17:35 Horse Collar
18:27 Padded Archer Armor
19:01 Gold Mining
20:07 Bodkin Arrow
19:34 Crossbowman
20:32 Bow Saw
35:44 Wheelbarrow
Oni.Kingstone
6:23 Loom
8:41 Feudal Age
9:22 Double-Bit Axe
9:51 Horse Collar
14:32 Scale Barding Armor
19:41 Castle Age
18:19 Gold Mining
18:56 Bloodlines
19:43 Forging
20:46 Wheelbarrow
20:22 Husbandry
20:43 Chain Barding Armor
20:39 Bow Saw
27:58 Wheelbarrow
27:59 Forging
31:52 Town Watch
Connection lost

Rejoining the realm…

Still unreachable

The connection could not be restored.

Session expired

The server has moved on; the page needs a fresh start.